 Dungeon Crawl Stone Soup version 0.28.0-62-gf88900778d (webtiles) character file.

Game seed: 11262738335458502867

1241 TittyCrusher the Magician (level 8, -1/46 HPs)
             Began as an Octopode Fire Elementalist on Apr 12, 2023.
             Slain by Edmund
             ... wielding a +1 dire flail of protection
              (13 damage)
             ... on level 6 of the Dungeon.
             The game lasted 00:19:35 (6433 turns).

TittyCrusher the Magician (OpFE)                    Turns: 6433, Time: 00:19:36

Health: -1/46      AC:  1    Str:  7    XL:     8   Next: 49%
Magic:  1/18       EV: 28    Int: 20    God:
Gold:   235        SH:  0    Dex: 12    Spells: 4/20 levels left

rFire   . . .      SeeInvis .   B - staff of poison
rCold   + + .      Faith    .   (no shield)
rNeg    . . .      Spirit   .   (helmet restricted)
rPois   +          Reflect  .   l - amulet of the acrobat
rElec   .          Harm     .   t - ring of resist corrosion
rCorr   +          Rampage  .   x - ring of protection from cold
Will    .....                   (no ring)
Stlth   +++.......              (no ring)
HPRegen 0.15/turn               (no ring)
MPRegen 0.16/turn               (no ring)
                                (no ring)
                                (no ring)

@: acrobatic
A: almost no armour, amphibious, 8 rings, camouflage 1, gelatinous body 1,
(nimble swimmer 1), tentacles, cold resistance 1
a: no special abilities


You were on level 6 of the Dungeon.
You visited 1 branch of the dungeon, and saw 6 of its levels.

You collected 235 gold pieces.

Inventory:

Hand Weapons
 a - a +0 mace of venom
 b - a +0 hunting sling
 e - a +0 short sword
 i - a +0 whip
 q - a +0 spear
 r - a +3 vorpal halberd
 A - a +0 dagger
Missiles
 d - 52 bolts
 n - 79 arrows
 o - 60 sling bullets
Magical Staves
 B - a staff of poison (weapon)
Jewellery
 h - an amulet of regeneration
 l - an amulet of the acrobat (around mantle)
 t - a ring of resist corrosion (left tentacle)
 v - an amulet of faith
 x - a ring of protection from cold (right tentacle)
Wands
 p - a wand of iceblast (7)
Scrolls
 c - a scroll of teleportation {unknown}
 g - a scroll of enchant weapon
 s - a scroll of enchant armour
 w - a scroll of fear {unknown}
 C - a scroll of magic mapping {unknown}
 D - a scroll of immolation {unknown}
Potions
 f - a potion of haste
 j - 5 potions of attraction
 k - a potion of ambrosia {unknown}
 u - a potion of flight {unknown}
 z - a potion of lignification {unknown}


   Skills:
 - Level 2.0 Dodging
 - Level 2.6 Stealth
 + Level 6.7 Spellcasting
 - Level 3.4 Conjurations
 - Level 1.6 Hexes
 - Level 1.6 Summonings
 - Level 6.1 Fire Magic


You had 4 spell levels left.
You knew the following spells:

 Your Spells              Type           Power      Damage    Failure   Level
a - Foxfire               Conj/Fire      100%       2x1d9     1%          1
b - Scorch                Fire           62%        2d8       1%          2
c - Conjure Flame         Conj/Fire      25%        6-21      4%          3
d - Inner Flame           Hex/Fire       22%        N/A       6%          3
e - Flame Wave            Conj/Fire      25%        2d7       14%         4
f - Summon Guardian Gole  Hex/Summ       13%        N/A       16%         3

Your spell library contained the following spells:

 Spells                   Type           Power      Damage    Failure   Level
 Summon Small Mammal      Summ           52%        N/A       4%          1
 Call Canine Familiar     Summ           13%        N/A       16%         3
 Cause Fear               Hex            6%         N/A       43%         4
 Discord                  Hex            6%         N/A       100%        8


Dungeon Overview and Level Annotations

Branches:
Dungeon (6/15)
 Temple: D:4-7

Altars:
Gozag
Hepliaklqana
Qazlal
Uskayaw

Annotations:
D:3 2 transporters, sargonster's ghost, amateur HOBe
D:5 1 runed translucent door, Crazy Yiuf
D:6 Edmund


Innate Abilities, Weirdness & Mutations

You cannot wear most types of armour.
You are amphibious.
You can wear up to eight rings at the same time.
Your skin changes colour to match your surroundings (Stealth+).
Your rubbery body absorbs attacks. (AC +1, EV +1)
((You are camouflaged when in or above water. (Stealth+)))
You have tentacles for arms and can constrict up to eight enemies at once.
Your flesh is cold resistant. (rC+)


Message History

Aim: Edmund, wielding a +1 dire flail of protection and wearing a +0 ring mail (lightly wounded)
Okay, then.
Casting: Flame Wave (quite dangerous; 14% risk of failure)
Confirm with . or Enter, or press ? or * to list all spells.
Flames lash Edmund.
Edmund is lightly wounded.
Edmund's fire resistance burns away.
Edmund hits you with a +1 dire flail of protection!
Aiming: Iceblast
Press: ? - help, Shift-Dir - straight line The mass of ice explodes!
The iceblast engulfs Edmund.
Edmund is moderately wounded.
Edmund hits you with a +1 dire flail of protection!
Aiming: Iceblast
Press: ? - help, Shift-Dir - straight line The mass of ice explodes!
The iceblast engulfs Edmund!
Edmund is moderately wounded.
Edmund is no longer more vulnerable to fire.
Edmund barely misses you.
Press: ? - help, v - describe, . - travel
Here: Edmund, wielding a +1 dire flail of protection and wearing a +0 ring mail (moderately wounded)
The floor.
Unknown command.
Aiming: Iceblast
Press: ? - help, Shift-Dir - straight line The mass of ice explodes!
The iceblast engulfs Edmund!
Edmund is heavily wounded.
Edmund misses you.
Unknown command.
Casting: Scorch (safe; 1% risk of failure)
Confirm with . or Enter, or press ? or * to list all spells.
You conjure some foxfire!
Edmund hits you with a +1 dire flail of protection!
* * * LOW HITPOINT WARNING * * *
The foxfire hits Edmund but does no damage.
Edmund is heavily wounded.
The foxfire hits Edmund.
Edmund is severely wounded.
Edmund hits you with a +1 dire flail of protection!
You die...

######### #.......# #.......#
#..###..# ## ##### #..'_+..#
.# #...# #..###..#
.####...#######......##
....'...'......'...+..# #
..###...########@@.##.###...#
....+..........+...'.........
#.###..........#...##.###...#
#.# ####.......######.# .#
..# #.......# #.# ###
#.....### #.# #)....# #.#
........ ... #######. .##


You could see Edmund.

Vanquished Creatures
  An acid dragon (D:4)
  A water moccasin (D:6)
  An ice beast (D:5)
  An ogre (D:5)
  2 phantoms
  3 scorpions
  A hound (D:6)
  A gnoll shaman (D:5)
  A centaur skeleton (D:5)
  Ijyb (D:5)
  Natasha (twice) (D:3)
  An iguana (D:6)
  3 orc wizards
  A hound skeleton (D:4)
  10 gnolls
  6 adders
  3 white imps (D:5)
  2 worms
  5 dart slugs
  5 orcs
  8 endoplasms
  A giant cockroach (D:1)
  9 goblins
  2 hobgoblins
  2 jackals (D:2)
  2 quokkas
  2 ball pythons
  6 bats
  2 frilled lizards
  5 kobolds
  3 rats
93 creatures vanquished.

Vanquished Creatures (others)
  286 foxfires
  2 plants
  A withered plant (D:1)
289 creatures vanquished.

Grand Total: 382 creatures vanquished

Notes
Turn   | Place    | Note
-------+----------+-------------------------------------------
     0 | D:1      | TittyCrusher the Octopode Fire Elementalist began the quest
                  | for the Orb.
     0 | D:1      | Reached XP level 1. HP: 11/11 MP: 3/3
   163 | D:1      | Reached XP level 2. HP: 17/17 MP: 1/5
   166 | D:1      | Learned a level 2 spell: Scorch
   366 | D:1      | Found a faded altar of an unknown god.
   753 | D:1      | Reached XP level 3. HP: 21/21 MP: 5/7
   757 | D:1      | Learned a level 3 spell: Conjure Flame
  1862 | D:2      | Reached XP level 4. HP: 27/27 MP: 8/10
  2241 | D:3      | Noticed Natasha
  2253 | D:3      | Killed Natasha
  2258 | D:3      | Reached XP level 5. HP: 11/31 MP: 3/11
  2455 | D:2      | Learned a level 3 spell: Inner Flame
  2460 | D:2      | Learned a level 4 spell: Flame Wave
  2470 | D:3      | You fall into a shaft and drop 2 floors!
  2470 | D:5      | Entered Level 5 of the Dungeon
  2867 | D:3      | Found a transporter.
  2871 | D:3      | Found a transporter.
  2871 | D:3      | Noticed sargonster's ghost (amateur HOBe)
  3663 | D:3      | Noticed Natasha
  3675 | D:3      | Killed Natasha
  3676 | D:3      | Reached XP level 6. HP: 27/36 MP: 6/12
  3985 | D:4      | Noticed an acid dragon
  4006 | D:4      | Killed an acid dragon
  4800 | D:5      | Found a runed translucent door.
  4801 | D:5      | Noticed Crazy Yiuf
  4964 | D:5      | Reached XP level 7. HP: 41/41 MP: 4/13
  4969 | D:5      | Reached skill level 5 in Fire Magic
  5489 | D:5      | Found an opulent altar of Gozag.
  5489 | D:5      | Found a hazy altar of Hepliaklqana.
  5559 | D:5      | Reached skill level 5 in Spellcasting
  5564 | D:5      | Reached XP level 8. HP: 46/46 MP: 3/16
  5785 | D:5      | Found a hide-covered altar of Uskayaw.
  5836 | D:5      | Noticed Ijyb
  5842 | D:5      | Learned a level 3 spell: Summon Guardian Golem
  5874 | D:5      | Killed Ijyb
  5876 | D:5      | Reached skill level 1 in Hexes
  5876 | D:5      | Reached skill level 1 in Summonings
  6134 | D:4      | Gained mutation: You sometimes lose the ability to read
                  | scrolls when taking damage. [potion of mutation]
  6134 | D:4      | Gained mutation: Your muscles are strong. (Str +2) [potion
                  | of mutation]
  6135 | D:4      | Lost mutation: You sometimes lose the ability to read
                  | scrolls when taking damage. [potion of mutation]
  6135 | D:4      | Lost mutation: Your muscles are strong. (Str +2) [potion of
                  | mutation]
  6135 | D:4      | Gained mutation: Your flesh is cold resistant. (rC+)
                  | [potion of mutation]
  6396 | D:6      | Found a stormy altar of Qazlal.
  6408 | D:6      | Noticed Edmund
  6433 | D:6      | Slain by Edmund

Illustrated notes

Levels and vault maps discovered:
D:1:      amcnicky_arrival_gap_in_the_tavern_cellar, layout_basic,
          ebering_ecumenical_altar_petrified, nrook_mini_backslash,
          minmay_misc_feat_hallway
D:2:      wad_lake_hut, layout_loops_ring, guppyfry_early_lair_pool
D:3:      layout_loops_corners, gammafunk_ghost_arena,
          nicolae_elevator_lobby_plus, uniq_natasha
D:4:      layout_loops_ring, hangedman_feature_mirror,
          amcnicky_mini_rare_corridor_liquid
D:5:      layout_basic, gammafunk_temple_overflow_forgotten,
          uniq_crazy_yiuf_cottage, uniq_ijyb
D:6:      layout_basic, kennysheep_mini_moat, minmay_temple_entry_grid,
          kennysheep_nub, uniq_edmund

Skill      XL: |  1  2  3  4  5  6  7  8 |
---------------+-------------------------+-----
Spellcasting   | 3 4 5 6 |  6.7
Conjurations   | 3 |  3.4
Fire Magic     | 4 6 |  6.1
Hexes          | 1 |  1.6
Summonings     | 1 |  1.6
Dodging        | |  2.0
Stealth        | |  2.6

Action                   |  1- 3 |  4- 6 |  7- 9 || total
-------------------------+-------+-------+-------++-------
Melee: Mace              |       |       |     2 ||     2
       Constrict         |       |       |     1 ||     1
 Cast: Foxfire           |    57 |    75 |    38 ||   170
       Conjure Flame     |       |     3 |     3 ||     6
       Scorch            |       |     6 |    23 ||    29
       Summon Guardian G |       |       |     1 ||     1
       Flame Wave        |       |       |     1 ||     1
Evoke: Wand              |       |       |     4 ||     4
  Use: Potion            |       |     1 |     2 ||     3
       Scroll            |       |       |     5 ||     5
Armor: Skin              |       |     5 |     1 ||     6
Dodge: Dodged            |     3 |    51 |    32 ||    86
